2 Tigers down

Match 26545829
End
Construct Infanterie Kompanie
Kettenkrad Recon Vehicle
Grenadier Squad
MG 42 Machine Gun Team
Grenadier Squad
Construct Panzergrenadier Kompanie
251 Medium Carrier
Pak 40 Anti-tank Gun Team
MG 42 Machine Gun Team
Pak 40 Anti-tank Gun Team
Construct Panzer Kompanie
Stoßtruppen Squad
Sturmpanzer IV Brummbär
Selects Mechanized Battlegroup
Selects Spotting Scopes
Selects Wespe Self-propelled Artillery
Wespe Self-propelled Artillery
Panzergrenadier Officer Quarters
Selects Raid Package
Selects 8 Rad Armored Car
Pioneer Squad
Selects UNKNOWN (2160084)
Panther Heavy Tank
Selects Mechanized Assault
Mechanized Assault
Panther Heavy Tank
Grenadier Squad
Mechanized Assault
Pioneer Squad
Panther Heavy Tank
Panzer Officer Quarters
Mechanized Assault
Stoßtruppen Squad
Pioneer Squad
Mechanized Assault
Panther Heavy Tank
Panther Heavy Tank
Dumais
Zulu
FutureNP
HulkSMASH
0
0

Comments sign in to comment!

CAuMOH 8 months ago

Saw this match live, well done! Was really interesting match to watch